Map: [ESL] Babylon

Players

SortOf

  • Race: Zerg Zerg
  • Spawn Location: 11:00

NightPhoenix - Winner!

  • Race: Protoss Protoss
  • Spawn Location: 5:00

Event: ESL SC2 Masters 2023 Summer (Finals)

VOD

Have the link to the VOD?

Description

Time

  • Played on: June 16, 2023, 5:29 a.m.
  • Length: 6:35

All games in this series

Show
View Real Time Build Order
Export as new Build Order

SortOf Zerg 

Build Orders: Hatch First 

Get SALT Encoding   

  12  0:00  Drone  
  13  0:12  Overlord  
  13  0:16  Drone  
  14  0:30  Drone x2  
  16  0:43  Drone  
  17  0:53  Hatchery  
  17  0:55  Drone  
  17  0:59  Drone  
  18  1:11  Extractor  
  18  1:14  Spawning Pool  
  18  1:17  Drone  
  17  1:21  Drone  
  18  1:29  Drone  
  19  1:38  Drone  
  20  1:49  Overlord  
  20  2:00  Queen  
  22  2:04  Queen  
  22  2:06  Drone, Zergling x2  
  26  2:16  Zergling x2  
  26  2:17  Drone, Metabolic Boost  
  28  2:25  Zergling x2  
  29  2:30  Drone  
  29  2:36  Queen  
  32  2:39  Overlord  
  32  2:40  Drone  
  33  2:53  Zergling x2  
  33  2:54  Zergling x2  
  33  2:55  Drone  
  36  3:10  Queen, Overlord  
  36  3:12  Drone x5  
  43  3:22  Hatchery  
  42  3:27  Drone  
  42  3:28  Drone  
  42  3:29  Spore Crawler  
  42  3:37  Zergling x4  
  42  3:38  Zergling x2  
  44  3:44  Drone x3  
  44  3:45  Queen  
  50  3:48  Drone  
  50  3:51  Overlord  
  50  3:54  Drone  
  51  3:57  Drone  
  52  4:04  Baneling Nest  
  52  4:06  Spore Crawler  
  52  4:08  Drone x2  
  52  4:12  Zergling x2  
  52  4:16  Zergling x6, Spore Crawler  
  55  4:20  Queen  
  55  4:23  Zergling x2  
  58  4:28  Overlord  
  58  4:29  Overlord  
  58  4:34  Drone x3  
  61  4:39  Evolution Chamber  
  61  4:40  Drone x2  
  62  4:47  Zergling x2  
  62  4:51  Zergling x10  
  68  4:53  Overlord  
  68  4:58  Baneling x5  
  67  5:01  Drone x2  
  69  5:07  Drone x3  
  69  5:09  Extractor  
  71  5:20  Zergling x2  
  65  5:22  Zergling x20  
  65  5:27  Zergling x4  
  65  5:30  Queen  
  65  5:32  Zergling x2  
  66  5:42  Baneling x5  
  63  5:44  Zergling x2  
  55  5:51  Zergling x6  
  55  5:55  Zergling x4  
  46  6:00  Zergling x4  
  46  6:03  Zergling x2  
  43  6:14  Zergling x8  
  43  6:17  Zergling x4  
Show
View Real Time Build Order
Export as new Build Order

NightPhoenix Protoss - Winner!

Build Orders: 1 Gate Expand 

Get SALT Encoding   

  12  0:00  Probe  
  13  0:12  Probe  
  14  0:19  Pylon  
  14  0:24  Probe  
  15  0:37  Probe (Chrono Boost)  
  15  0:40  Gateway  
  16  0:47  Probe (Chrono Boost)  
  17  0:50  Assimilator  
  17  0:52  Probe (Chrono Boost)  
  18  1:04  Probe  
  19  1:27  Cybernetics Core  
  19  1:36  Nexus  
  19  1:42  Pylon  
  19  1:44  Probe  
  20  1:50  Assimilator  
  20  1:56  Probe  
  21  2:01  Adept (Chrono Boost)  
  23  2:08  Probe  
  23  2:14  Twilight Council  
  24  2:20  Probe  
  24  2:21  Adept (Chrono Boost)  
  25  2:28  Pylon  
  27  2:32  Probe  
  28  2:38  Warp Gate  
  28  2:47  Probe  
  28  2:48  Adept, Resonating Glaives (Chrono Boost)  
  28  2:51  Probe  
  32  2:59  Probe  
  32  3:03  Probe  
  34  3:11  Probe  
  35  3:15  Probe  
  36  3:23  Probe  
  36  3:26  Gateway, Robotics Facility  
  37  3:27  Probe  
  38  3:35  Probe  
  39  3:41  Probe  
  39  3:45  Pylon  
  39  3:47  Probe  
  41  3:51  Shield Battery  
  41  3:57  Gateway  
  41  3:59  Gateway  
  41  4:08  Gateway  
  41  4:10  Warp Prism (Chrono Boost)  
  41  4:11  Gateway  
  41  4:14  Probe  
  41  4:15  Probe  
  45  4:19  Pylon  
  45  4:26  Adept x2  
  45  4:27  Probe  
  50  4:33  Pylon  
  50  4:42  Pylon  
  50  4:46  Adept x2  
  54  4:57  Adept x2, Observer  
  59  5:02  Adept  
  59  5:06  Adept x2  
  65  5:07  Adept  
  67  5:27  Adept x6  
  63  5:50  Immortal  
  63  5:52  Adept x4  
  63  5:53  Adept  
  77  6:03  Assimilator  
  77  6:05  Assimilator  
  77  6:06  Pylon  
  65  6:27  Adept x6  
Tags
 
Add a new tag
Caveats
  • Supply blocks, unpowered buildings, or Contaminate may cause inaccurate times.
  • Supply counts are checked every 10 seconds.